Unix NetHack Version 5.0.0-0 post-release - last build May 23 2026 06:08:33 (1c0ff79ee797540d5714e4e18072db0edd9e58ae,branch:main).

Game began 2026-05-24 23:38:14, ended 2026-05-25 00:04:58.

DoomChicken, chaotic female elven Priestess

     ----------
     |.(...*..|
     |.[.*...f|#
     |....***@|#
     |..[....@-###   ----|--
     |...[.[*.|  ##  |.....+
     ----------   ###......|
                     |.....+
                     |<....|
                     -------

DoomChicken the Aspirant     St:12 Dx:11 Co:15 In:10 Wi:19 Ch:9  Chaotic
Dlvl:2  $:0  HP:0(13) Pw:7(7) AC:-10 Xp:1 T:538 

Latest messages:
 What do you want to zap? [CJ or ?*] C
 Nothing happens.
 What do you want to zap? [CJ or ?*] C
 Nothing happens.
 What do you want to zap? [CJ or ?*] C
 You wrest one last charge from the worn-out wand.
 You may wish for an object.
 For what do you wish? Blessed fixed greased +3 speed boots
 N - a blessed greased pair of riding boots.
 The wand of wishing turns to dust.
 What do you want to wear? [*] <space>
 Never mind.
 What do you want to take off? [bnz or ?*] ?
 You finish taking off your shoes.
 What do you want to drop? [$abd-ikln-qtuxzABD-GJKMN or ?*] n
 You drop a burnt +0 pair of walking shoes.
 Ouiatchouane offers 4 gold pieces for your pair of walking shoes.  Sell it? [ynaq] (n) y
 A burnt +0 pair of low boots; you sold it for 4 gold pieces.
 What do you want to wear? [N or ?*] N
 You finish your dressing maneuver.
 You feel yourself speed up.
 You have no ammunition readied.
 What do you want to fire? [$ or ?*] ?
 What do you want to fire? [$ or ?*] <space>
 Never mind.
 You see here a +0 small shield (for sale, 4 zorkmids).
 You owe Ouiatchouane 1397 zorkmids for the use of merchandise.
 But you don't have enough gold.
 You owe Ouiatchouane 1397 zorkmids for the use of merchandise.
 But you don't have enough gold.
 You owe Ouiatchouane 1397 zorkmids for the use of merchandise.
 But you don't have enough gold.
 You attack thin air.
 You miss Ouiatchouane.
 Ouiatchouane gets angry!
 Ouiatchouane zaps an iridium wand!
 Boing!
 The mail cracks!
 You miss Ouiatchouane.
 Ouiatchouane hits!
 Ouiatchouane hits again!
 You miss Ouiatchouane.
 Ouiatchouane hits!
 You die...
 Ouiatchouane takes all your possessions.
 Do you want to see what you had when you died? [ynq] (y) y
 Do you want to see your attributes? [ynq] (y) y
 Do you want an account of creatures vanquished? [ynaq] (y) y
 Do you want to see your conduct and achievements? [ynq] (y) y
 Do you want to see the dungeon overview? [ynq] (y) y

Inventory:
 Weapons  (')')
  a - a blessed +4 mace (weapon in right hand)
 Armor    ('[')
  N - a blessed greased fireproof +3 pair of speed boots (being worn)
  z - a blessed +1 shield of reflection (being worn)
  b - a +0 robe (being worn)
  M - a blessed greased +2 gray dragon scale mail (being worn)
 Comestibles  ('%')
  l - an apple
  E - an apple
  e - a clove of garlic
  p - 3 food rations
  K - an orange
  f - 2 sprigs of wolfsbane
 Spellbooks  ('+')
  h - a spellbook of detect food
  g - a spellbook of healing
 Potions  ('!')
  B - a potion of extra healing
  q - a potion of fruit juice
  D - a potion of levitation
  u - 2 potions of polymorph
  G - a potion of restore ability
  o - a potion of see invisible
  d - 4 potions of holy water
  A - a potion of holy water
 Rings    ('=')
  F - a ring of free action
  t - a ring of teleport control
 Wands    ('/')
  J - a wand of secret door detection (0:10)
 Tools    ('(')
  i - a bell
  k - a skeleton key
  x - 6 partly used tallow candles

DoomChicken the Priestess's attributes:

Background:
 You were an Aspirant, a level 1 elven Priestess.
 You were chaotic, on a mission for Anhur
 who was opposed by Ptah (lawful) and Thoth (neutral).
 You were right-handed.
 You were in the Dungeons of Doom, on level 2.
 You entered the dungeon 538 turns ago.
 It was the midnight hour.
 You had 16 experience points, 4 more were needed to attain level 2.

Basics:
 You had 0 out of 13 hit points.
 You had all 7 energy points (spell power).
 Your armor class was -10.
 Your wallet was empty.
 Autopickup was on, but temporarily disabled while inside the shop.

Final Characteristics:
 Your strength was 12 (limit:18).
 Your dexterity was 11 (limit:18).
 Your constitution was 15 (limit:16).
 Your intelligence was 10 (limit:20).
 Your wisdom was 19 (limit:20).
 Your charisma was 9 (limit:18).

Final Status:
 You weren't hungry.
 You were unencumbered.
 You were wielding a mace.
 You had basic skill with mace.

Final Attributes:
 You were fervently aligned.
 You were magic-protected.
 You could recognize detrimental food.
 You had infravision.
 You were guarded.
 Your spell casting was enhanced by wearing a robe.
 You were very fast.
 You had reflection.
 You are dead.

Miscellaneous:
 You didn't encounter any bones levels.
 Total elapsed playing time was 26 minutes and 43 seconds.

Major events:
 Turn
    1: DoomChicken the chaotic elven Priestess entered the dungeon
  463: made her first wish - "2 blessed scrolls of charging", got "a blessed scroll labeled PHOL ENDE WODAN"
  467: wished for "blessed greased +2 Gray dragon scale mail", got "a blessed greased gray dragon scale mail"
  528: wished for "Blessed fixed greased +3 speed boots", got "a blessed greased pair of riding boots"
  538: killed by Ms. Ouiatchouane; the shopkeeper

Spells:
 Name                 Level Category     Fail Retention
 healing                1   healing       41%    (gone)
 detect food            2   divination    80%    (gone)

Skills:
 Fighting Skills
   bare handed combat [Unskilled]
 Weapon Skills
   club               [Unskilled]
   mace               [Basic]
   morning star       [Unskilled]
   flail              [Unskilled]
   hammer             [Unskilled]
   quarterstaff       [Unskilled]
   polearms           [Unskilled]
   spear              [Unskilled]
   trident            [Unskilled]
   lance              [Unskilled]
   bow                [Unskilled]
   sling              [Unskilled]
   crossbow           [Unskilled]
   dart               [Unskilled]
   shuriken           [Unskilled]
   boomerang          [Unskilled]
   unicorn horn       [Unskilled]
 Spellcasting Skills
   healing spells     [Unskilled]
   divination spells  [Unskilled]
   clerical spells    [Basic]

Voluntary challenges:
 Character rerolling was not enabled.
 You were an atheist.
 You never genocided any monsters.
 You never polymorphed an object.
 You never changed form.
 You used 3 wishes.
 You did not wish for any artifacts.
Achievement:
 You entered a shop.

 The Dungeons of Doom: levels 1 to 2
    Level 1:
    Level 2: <- You were here.
       A general store.
       Final resting place for
          you, killed by Ms. Ouiatchouane; the shopkeeper.


Vanquished creatures:
  2 jackals
  a fox
  a kobold
  a goblin
  2 grid bugs
  2 newts
9 creatures vanquished.

No species were genocided or became extinct.

Game over:
                       ----------
                      /          \
                     /    REST    \
                    /      IN      \
                   /     PEACE      \
                  /                  \
                  |   DoomChicken    |
                  |       0 Au       |
                  |  killed by Ms.   |
                  |  Ouiatchouane;   |
                  |  the shopkeeper  |
                  |                  |
                  |       2026       |
                 *|     *  *  *      | *
        _________)/\\_//(\/(/\)/\//\/|_)_______

Goodbye DoomChicken the Priestess...

You died in The Dungeons of Doom on dungeon level 2 with 174 points,
and 0 pieces of gold, after 538 moves.
You were level 1 with a maximum of 13 hit points when you died.

